 Dungeon Crawl Stone Soup version 0.29.1-12-g30fa7ad0bf (webtiles) character file.

Game seed: 1587537768339195608

8 FexLirch the Shield-Bearer (level 2, 0/19 HPs)
             Began as a Gargoyle Fighter on Dec 16, 2022.
             Slain by a gnoll
             ... wielding a +0 spear
              (4 damage)
             ... on level 1 of the Dungeon.
             The game lasted 00:01:21 (89 turns).

FexLirch the Shield-Bearer (Gargoyle Fighter)         Turns: 89, Time: 00:01:21

Health: 0/19       AC:  9    Str: 19    XL:     2   Next: 8%
Magic:  2/2        EV:  9    Int:  8    God:
Gold:   0          SH:  4    Dex:  9    Spells: 1/1 levels left

rFire   . . .      SeeInvis .   a - +0 flail
rCold   . . .      Faith    .   c - +0 buckler
rNeg    + . .      Spirit   .   b - +0 scale mail
rPois   ∞          Reflect  .   (no helmet)
rElec   +          Harm     .   (no cloak)
rCorr   .          Rampage  .   (no gloves)
Will    .....                   (no boots)
Stlth   ..........              (no amulet)
HPRegen 0.06/turn               (no ring)
MPRegen 0.08/turn               (no ring)

@: no status effects
A: sickness immunity, AC +2, negative energy resistance 1, electricity
resistance, torment resistance 1, petrification resistance
a: no special abilities


You were on level 1 of the Dungeon.
You visited 1 branch of the dungeon, and saw 1 of its levels.

Inventory:

Hand Weapons
 a - a +0 flail (weapon)
 f - a +0 spear
Missiles
 e - 8 stones (quivered)
Armour
 b - a +0 scale mail (worn)
 c - a +0 buckler (worn)
Scrolls
 g - a scroll of identify {unknown}
 h - a scroll of fog {unknown}
 j - 2 scrolls of immolation {unknown}
Potions
 d - a potion of might
 i - a potion of curing {unknown}


   Skills:
 - Level 3.2 Fighting
 + Level 2.7 Maces & Flails
 - Level 3.2 Armour
 - Level 3.2 Shields


You had one spell level left.
You didn't know any spells.
Your spell library was empty.

Dungeon Overview and Level Annotations

Branches:
Dungeon (1/15)

Altars:


Innate Abilities, Weirdness & Mutations

You are immune to sickness and miasma.
Your stone body is resilient. (AC +2)
You are immune to poison.
You resist negative energy. (rN+)
You are resistant to electric shocks. (rElec)
You are resistant to unholy torment.
You are immune to petrification.


Message History

Found a scroll labelled AWOEXA ORAKHENWIO.
The hobgoblin shouts!
The kobold shouts!
Found a silvery potion.
A goblin comes into view. It is wielding a +0 club.
A hobgoblin comes into view.
Found a faded altar of an unknown god.
The goblin shouts!
The hobgoblin shouts!
A kobold comes into view. It is wielding a +0 short sword.
You closely miss the kobold.
The kobold shouts!
The kobold hits you but does no damage.
A giant cockroach comes into view.
The kobold attacks as you move away! The kobold hits you but does no damage.
The kobold attacks as you move away! The kobold hits you but does no damage.
You barely miss the kobold.
The kobold hits you but does no damage. x2
The kobold attacks as you move away! You block the kobold's attack.
You barely miss the kobold. The kobold hits you but does no damage.
You closely miss the kobold. The kobold closely misses you.
The gnoll hits you from afar with a +0 spear.
You hit the kobold.
You kill the kobold!
The gnoll hits you from afar with a +0 spear. x2
The gnoll completely misses you.
Things that are here:
a +0 dagger; a kobold corpse You hit the gnoll but do no damage.
The gnoll hits you but does no damage.
You closely miss the gnoll. The gnoll closely misses you.
You closely miss the gnoll. The gnoll hits you but does no damage.
The gnoll completely misses you.
You sock the gnoll!
The gnoll is severely wounded.
The gnoll misses you.
You hit the gnoll.
The gnoll is severely wounded.
The gnoll hits you with a +0 spear.
* * * LOW HITPOINT WARNING * * *
You hit the gnoll.
The gnoll is almost dead.
The gnoll closely misses you. The gnoll hits you with a +0 spear.
You die...

###.......#.###...
.........##.#...# ...###
................# #..#...
..........###.... .g#.B..
..........##..# .######
.............## ?#.....
...#..........## .#...$.
...##......##..####.#.....
## ##.#.#####..@gg.#w)...
#...# #####g.#b.... #...##
#...+##### ...#.
#..g#....... .#... #.#.
######. ....## .....
....... #...... ...!...


You could see a gnoll, a dart slug, 2 hobgoblins and a bat.

Vanquished Creatures
  2 bats (D:1)
  An endoplasm (D:1)
  A hobgoblin (D:1)
  2 kobolds (D:1)
  A frilled lizard (D:1)
7 creatures vanquished.

Notes
Turn   | Place    | Note
-------+----------+-------------------------------------------
     0 | D:1      | FexLirch the Gargoyle Fighter began the quest for the Orb.
     0 | D:1      | Reached XP level 1. HP: 14/14 MP: 1/1
    43 | D:1      | Reached XP level 2. HP: 18/19 MP: 2/2
    73 | D:1      | Found a faded altar of an unknown god.
    89 | D:1      | Slain by a gnoll

Illustrated notes

Levels and vault maps discovered:
D:1:      tarquinn_simple_flora_water_e, layout_rooms,
          shapermc_ecumenical_altar_mp_highgroup, minmay_3d_cube

Action                   || total
-------------------------++-------
Melee: Flail             ||    21
Armor: Scale mail        ||    19
Dodge: Dodged            ||    10
Block: Buckler           ||     4
